 Seeded DCSS version 0.30.1-11-g7821555f0a (webtiles) character file.

Game seed: 5 (custom seed)

1190 Kazon the Ducker (level 8, -7/58 HPs)
             Began as a Vampire Gladiator on Oct 30, 2023.
             Was a Follower of Makhleb.
             Killed by divine providence
             ... invoked by an orc priest
              (13 damage)
             ... on level 6 of the Dungeon on Oct 31, 2023.
             The game lasted 00:16:12 (3682 turns).

Kazon the Ducker (Vampire Gladiator)                Turns: 3682, Time: 00:16:12

Health: -7/58      AC:  7    Str: 15    XL:     8   Next: 19%
Magic:  0/19       EV: 15    Int: 10    God:    Makhleb [*.....]
Gold:   220        SH:  0    Dex: 22    Spells: 7/7 levels left

rFire   + . .        f - +3 Elemental Staff {rElec rF+ rC+ AC+3}
rCold   + . .        (no shield)
rNeg    . . .        b - +0 leather armour
rPois   .            c - +0 helmet
rElec   +            (no cloak)
rCorr   .            (no gloves)
SInv    +            (no boots)
Will    .....        E - amulet of guardian spirit
Stlth   ++           u - ring of magical power
HPRegen 0.49/turn    y - +6 ring of dexterity
MPRegen 0.16/turn

%: guardian spirit
@: healing quickly
A: alive, fangs 3, see invisible, vampiric 2
a: Exsanguinate, Renounce Religion


You were on level 6 of the Dungeon.
You worshipped Makhleb.
Makhleb was aware of your devotion.
You visited 2 branches of the dungeon, and saw 7 of its levels.

You collected 220 gold pieces.

Inventory:

Hand Weapons
 a - a +0 war axe
 e - a +2 vampiric dagger
 f - the +3 Elemental Staff (weapon) {rElec rF+ rC+ AC+3}
   (You acquired it on level 1 of the Dungeon)

   It enhances your fire, ice, earth and air magic.
   AC:        It affects your AC (+3).
   rF:        It protects you from fire.
   rC:        It protects you from cold.
   rElec:     It insulates you from electricity.
Missiles
 d - 3 throwing nets
 g - 11 stones (quivered)
 l - 3 boomerangs
 q - a javelin
 s - 3 poisoned darts
Armour
 b - a +0 leather armour (worn)
 c - a +0 helmet (worn)
 k - a +0 tower shield
Jewellery
 u - a ring of magical power (left hand)
 y - a +6 ring of dexterity (right hand)
 E - an amulet of guardian spirit (around neck)
Wands
 B - a wand of paralysis (8)
Scrolls
 h - a scroll of fog {unknown}
 n - 2 scrolls of identify {unknown}
 o - 2 scrolls of magic mapping {unknown}
 p - a scroll of summoning {unknown}
 r - a scroll of blinking {unknown}
 t - 2 scrolls of teleportation {unknown}
 A - a scroll of torment {unknown}
 C - a scroll of amnesia {unknown}
 G - a scroll of poison {unknown}
Potions
 i - a potion of resistance {unknown}
 j - 3 potions of curing {unknown}
 m - a potion of magic {unknown}
 v - 4 potions of flight {unknown}
 w - a potion of berserk rage {unknown}
 x - 2 potions of invisibility {unknown}
 z - 2 potions of heal wounds {unknown}
 D - a potion of lignification {unknown}
 F - a potion of attraction {unknown}


   Skills:
 + Level 3.2 Fighting
 + Level 3.0 Axes
 + Level 3.1 Staves
 + Level 2.4 Throwing
 + Level 2.3 Armour
 + Level 4.9 Dodging
 + Level 2.4 Stealth
 * Level 3.0 Shields
 * Level 2.7 Invocations
 * Level 3.1 Evocations


You had 7 spell levels left.
You didn't know any spells.
Your spell library contained the following spells:

 Spells                   Type           Power      Damage    Failure   Level
 Frozen Ramparts          Ice            0%         1d1       80%         3
 Ignite Poison            Fire/Tmut/Pois 0%         N/A       80%         3
 Ice Form                 Ice/Tmut       0%         N/A       99%         4
 Sticky Flame             Conj/Fire      0%         2d3       99%         4
 Summon Ice Beast         Ice/Summ       0%         N/A       99%         4
 Summon Forest            Summ/Tloc      0%         N/A       100%        5
 Eringya's Noxious Bog    Tmut/Pois      0%         N/A       100%        6
 Summon Hydra             Summ           0%         N/A       100%        7
 Ignition                 Fire           0%         3d3       100%        8


Dungeon Overview and Level Annotations

Branches:
Dungeon (6/15)             Temple (1/1) D:4

Altars:
Dithmenos
Fedhas
Gozag
Hepliaklqana
Makhleb
Okawaru
Qazlal
Wu Jian
Xom
Yredelemnul


Innate Abilities, Weirdness & Mutations

Your natural rate of healing is accelerated.
You have razor-sharp teeth.
You have supernaturally acute eyesight. (SInv)
You are afflicted with vampirism and can become a bat while bloodless.


Message History

The ufetubus closely misses you.
Okay, then.
Unknown command.
Unknown command.
You barely miss the ufetubus. The ufetubus completely misses you.
The ufetubus hits you but does no damage.
You closely miss the ufetubus. You bite the ufetubus.
The ufetubus is severely wounded.
The ufetubus misses you.
The ufetubus hits you but does no damage.
The ufetubus completely misses you.
The ufetubus hits you but does no damage.
You barely miss the ufetubus.
The ufetubus is severely wounded.
The ufetubus completely misses you. The ufetubus closely misses you.
The orc priest shouts!
You hit the ufetubus.
The ufetubus is almost dead.
The ufetubus hits you. The ufetubus closely misses you.
The ufetubus misses you. x2
The orc priest calls down the wrath of Beogh upon you.
Beogh smites you!
You hit the ufetubus but do no damage.
The ufetubus is almost dead.
The ufetubus barely misses you.
The ufetubus hits you but does no damage.
The orc priest calls down the wrath of Beogh upon you.
Beogh smites you!
* * * LOW HITPOINT WARNING * * *
You miss the ufetubus. You bite the ufetubus.
You kill the ufetubus!
Makhleb accepts your kill.
A water moccasin comes into view.
Unknown command.
The orc priest mumbles some strange prayers to Beogh against you.
Beogh smites you!
* * * LOW HITPOINT WARNING * * *
The orc priest calls down the wrath of Beogh upon you.
Beogh smites you!
You die...

#....# #....# #....#
#....####
#.......#########
##....#...........
#.....#...........
#.#.#...#......... .#
#@#.###.#......... ...
#o#.# #.##.####### ^.o.#
#o#.# #.##.#######
^_^...###.#.###.##........
^^.#...oo......###.......
..o.o...o........ +.>.....
...##(.S.<...#### #)......
5 ########## #.......
#.......


You could see 2 orc priests, 2 orc wizards and an orc.

Vanquished Creatures
  Sigmund (D:4)
  Duvessa (D:6)
  2 black bears (D:4)
  An ogre (D:5)
  2 scorpions
  Dowan (D:6)
  3 hounds (D:5)
  A jelly (D:5)
  6 iguanas
  4 gnolls (D:5)
  9 adders
  2 ufetubi
  3 worms
  7 orcs
  4 bats
  9 endoplasms
  A giant cockroach (D:1)
  12 goblins
  7 hobgoblins
  11 jackals
  3 kobolds
  3 quokkas (D:4)
  6 ball pythons
  2 frilled lizards (D:2)
  4 rats
105 creatures vanquished.

Notes
Turn   | Place    | Note
-------+----------+-------------------------------------------
     0 | D:1      | Kazon the Vampire Gladiator began the quest for the Orb.
     0 | D:1      | Reached XP level 1. HP: 16/16 MP: 1/1
    34 | D:1      | Identified a scroll of acquirement
    34 | D:1      | Acquired the +3 Elemental Staff {rElec rF+ rC+ AC+3}
    34 | D:1      | Found the +3 Elemental Staff {rElec rF+ rC+ AC+3}
    74 | D:1      | Reached XP level 2. HP: 17/22 MP: 2/2
   598 | D:1      | Gained mutation: You are afflicted with vampirism and can
                  | become a bat while bloodless. [Vampire growth]
   598 | D:1      | Reached XP level 3. HP: 27/27 MP: 3/3
  1060 | D:2      | Reached skill level 1 in Evocations
  1187 | D:2      | Reached XP level 4. HP: 33/33 MP: 4/4
  1247 | D:2      | Reached skill level 1 in Staves
  1710 | D:3      | Found a blossoming altar of Fedhas.
  1839 | D:3      | Found a stormy altar of Qazlal.
  1974 | D:3      | Found a faded altar of an unknown god.
  2066 | D:3      | Identified the +2 sling "Qeuhanocyt" {speed, rElec Str-3
                  | Dex+2}
  2183 | D:4      | Reached skill level 1 in Armour
  2183 | D:4      | Reached XP level 5. HP: 38/39 MP: 5/5
  2254 | D:4      | Found a staircase to the Ecumenical Temple.
  2263 | Temple   | Entered the Ecumenical Temple
  2286 | Temple   | Became a worshipper of Makhleb the Destroyer
  2363 | D:4      | Noticed a black bear
  2377 | D:4      | Killed a black bear
  2378 | D:4      | Reached skill level 4 in Dodging
  2378 | D:4      | Reached skill level 1 in Shields
  2381 | D:4      | Found a hazy altar of Hepliaklqana.
  2383 | D:4      | Found a shadowy altar of Dithmenos.
  2384 | D:4      | Noticed a shadow
  2470 | D:4      | Noticed Sigmund
  2480 | D:4      | Killed Sigmund
  2481 | D:4      | Reached skill level 1 in Stealth
  2481 | D:4      | Reached skill level 1 in Invocations
  2481 | D:4      | Reached XP level 6. HP: 42/46 MP: 6/6
  2846 | D:4      | Reached XP level 7. HP: 46/51 MP: 8/8
  2994 | D:5      | Entered Level 5 of the Dungeon
  3167 | D:5      | Reached * piety under Makhleb
  3491 | D:6      | Noticed Dowan
  3493 | D:6      | Noticed Duvessa
  3499 | D:6      | Killed Dowan
  3510 | D:6      | Killed Duvessa
  3511 | D:6      | Reached XP level 8. HP: 28/58 MP: 8/9
  3641 | D:6      | Found a shimmering altar of Xom.
  3682 | D:6      | Killed from afar by an orc priest

Illustrated notes

Levels and vault maps discovered:
D:1:      ebering_trefoil_3fold, layout_basic, st_stairs_14, serial_bayou_ford_a
D:2:      layout_basic, hangedman_decor_growths, minmay_close_crescents
D:3:      layout_rooms, mainiacjoe_overflow_concentric_impassable,
          mainiacjoe_overflow_paths, shapermc_ecumenical_altar_acropolis,
          chequers_serial_rivers_micro_b
D:4:      layout_basic, riverfiend_overflow_shadow_ancestor,
          minmay_temple_entry_glass, uniq_sigmund
D:5:      layout_gridville
D:6:      layout_basic, xom_teletrap_fun, uniq_duvessa
Temple:   nicolae_temple_elliptical

Skill      XL: |  1  2  3  4  5  6  7  8 |
---------------+-------------------------+-----
Axes           | 3 |  3.0
Fighting       | 2 3 |  3.2
Evocations     | 1 2 3 |  3.1
Staves         | 1 2 3 |  3.1
Armour         | 1 2 |  2.3
Dodging        | 4 |  4.9
Shields        | 1 2 3 |  3.0
Stealth        | 1 2 |  2.4
Invocations    | 1 2 |  2.7
Throwing       | 2 |  2.4

Action                     |  1- 3 |  4- 6 |  7- 9 || total
---------------------------+-------+-------+-------++-------
  Melee: Staff             |   119 |   160 |   118 ||   397
         War axe           |     8 |       |       ||     8
         Bite              |     8 |    12 |    17 ||    37
         Punch             |     1 |     2 |     2 ||     5
  Throw: Stone             |       |    15 |    12 ||    27
         Dart              |       |       |    15 ||    15
         Boomerang         |       |       |     4 ||     4
    Use: Scroll            |     2 |       |       ||     2
   Stab: Sleeping          |     1 |     3 |     1 ||     5
         Distracted        |     1 |       |       ||     1
 Armour: Leather armour    |    42 |    60 |    32 ||   134
  Dodge: Dodged            |    83 |   126 |   104 ||   313
